 Dungeon Crawl Stone Soup version 0.18.1-48-g4cf74bf (webtiles) character file.

291 KrisztiCat the Digger (level 6, -4/32 HPs)
             Began as a Gargoyle Earth Elementalist on July 4, 2016.
             Slain by Rationalist's ghost (13 damage)
             ... on level 3 of the Dungeon.
             The game lasted 00:21:24 (2995 turns).

KrisztiCat the Digger (Gargoyle Earth Elementalist) Turns: 2995, Time: 00:21:24

Health: -4/32      AC: 11    Str: 12    XL:     6   Next: 32%
Magic:  7/13       EV: 12    Int: 17    God:
Gold:   125        SH:  0    Dex: 10    Spells: 2 memorised, 10 levels left

rFire  . . .     SeeInvis .     b - 181 stones
rCold  . . .     Gourm    .     a - +0 robe
rNeg   + . .     Faith    .     (no shield)
rPois  ∞         Spirit   .     f - +0 helmet (curse)
rElec  +         Dismiss  .     o - +0 cloak
rCorr  +         Reflect  .     (no gloves)
SustAt .         Harm     .     t - +2 pair of boots
MR     .....                    (no amulet)
Stlth  ++........               (no ring)
                                u - ring of resist corrosion

@: not resistant to hostile enchantments, unstealthy
A: negative energy resistance 1, electricity resistance, unbreathing,
petrification resistance, rot immunity, AC +4
a: no special abilities


You were on level 3 of the Dungeon.
You were not hungry.

You visited 1 branch of the dungeon, and saw 4 of its levels.

You collected 125 gold pieces.

Inventory:

Hand Weapons
 e - a +0 mace
 g - a +0 short sword
Missiles
 b - 181 stones (in hand)
Armour
 a - a +0 robe (worn)
 f - a cursed +0 helmet (worn)
 o - a +0 cloak (worn)
 t - a +2 pair of boots (worn)
Jewellery
 u - a ring of resist corrosion (left hand)
Scrolls
 h - 3 scrolls of remove curse
 k - a scroll of fog {unknown}
 q - a scroll of enchant armour
Potions
 l - a potion of agility {unknown}
 m - a potion of invisibility {unknown}
 n - 3 potions of brilliance
 p - 3 potions of cancellation
 r - a potion of flight {unknown}
 s - a potion of lignification {unknown}
Books
 c - a book of Geomancy

   Spells                             Type                      Level
   a - Sandblast                      Earth                        1
   b - Passwall                       Transmutation/Earth          2
   c - Stone Arrow                    Conjuration/Earth            3
   d - Petrify                        Transmutation/Earth          4
   e - Lee's Rapid Deconstruction     Earth                        5
Comestibles
 d - 3 bread rations
 v - a meat ration


   Skills:
 - Level 1.5 Dodging
 - Level 2.1 Stealth
 * Level 4.8 Spellcasting
   Level 0.7 Transmutations
 + Level 5.8 Earth Magic


You had 10 spell levels left.
You knew the following spells:

 Your Spells              Type           Power        Failure   Level  Hunger
a - Sandblast             Erth           ###...       1%          1    None
b - Stone Arrow           Conj/Erth      ##....       14%         3    ###....


Dungeon Overview and Level Annotations

Branches:
Dungeon (4/15)
 Temple: D:4-7

Altars:
Pakellas
Qazlal

Shops:
D:2 }

Annotations:
D:3 Rationalist's ghost, amateur FoFi


Innate Abilities, Weirdness & Mutations

You are resistant to torment.
Your stone body is resilient (AC +4).
You are immune to poison.
You resist negative energy.
You are resistant to electric shocks.
You can survive without breathing.
You are immune to petrification.
You are immune to rotting.


Message History

Aiming: Sandblast
Press: ? - help, Shift-Dir - straight line, f/p - Rationalist's ghost
Aim: Rationalist's ghost (moderately damaged)
The rocky blast hits Rationalist's ghost.
Rationalist's ghost is moderately damaged.
Rationalist's ghost hits you.
* * * LOW HITPOINT WARNING * * *
Drink which item? (? for menu, Esc to quit)
You feel better. Rationalist's ghost barely misses you.
Drink which item? (? for menu, Esc to quit)
Okay, then.
Casting: Sandblast
Confirm with . or Enter, or press ? or * to list all spells.
Aiming: Sandblast
Press: ? - help, Shift-Dir - straight line, f/p - Rationalist's ghost
Aim: Rationalist's ghost (moderately damaged)
The rocky blast hits Rationalist's ghost.
Rationalist's ghost is heavily damaged.
Rationalist's ghost hits you!
You die...

................<........#
.........................#
................)........#
.#'##........###'#)......#
.#'##........# #.#########
.............# #.......#
.........#...###.......#
.........#........)....#
.........##.....@......#
.........##.....W......#
.........##..........###
.#.#................##
#..............#....#
'..............#....#
#.......#####'##....#
#.......#####..#....#
##...............####


You could see Rationalist's ghost.

Vanquished Creatures
  Sigmund (D:2)
  Robin (D:2)
  An adder (D:2)
  A worm (D:2)
  4 dart slugs
  3 giant geckos
  An orc (D:3)
  A ball python (D:2)
  5 bats
  4 giant cockroaches
  25 goblins
  11 hobgoblins
  5 jackals
  11 kobolds
  2 quokkas
  3 giant newts
  11 rats
90 creatures vanquished.

Notes
Turn   | Place    | Note
--------------------------------------------------------------
     0 | D:1      | KrisztiCat the Gargoyle Earth Elementalist began the quest for the Orb.
     0 | D:1      | Reached XP level 1. HP: 10/10 MP: 3/3
   140 | D:1      | Reached XP level 2. HP: 13/15 MP: 1/5
   160 | D:2      | Reached skill level 4 in Earth Magic
   567 | D:1      | Reached XP level 3. HP: 19/19 MP: 4/7
  1073 | D:2      | Learned a level 3 spell: Stone Arrow
  1082 | D:2      | Noticed Sigmund
  1307 | D:3      | Found a stormy altar of Qazlal.
  1577 | D:3      | Noticed Rationalist's ghost (amateur FoFi)
  1594 | D:2      | Reached XP level 4. HP: 7/24 MP: 4/8
  1834 | D:2      | Found an oddly glowing altar of Pakellas.
  1834 | D:2      | Found Pakellas's Prime Provisions.
  1871 | D:2      | Killed Sigmund
  1871 | D:2      | Reached skill level 5 in Earth Magic
  1871 | D:2      | Reached XP level 5. HP: 28/28 MP: 5/11
  1871 | D:2      | Reached XP level 6. HP: 32/32 MP: 5/12
  2100 | D:2      | Noticed Robin
  2133 | D:2      | Killed Robin
  2995 | D:3      | Slain by Rationalist's ghost

Skill      XL: |  1  2  3  4 |
---------------+-------------+-----
Earth Magic    | 4 5 |  5.8
Spellcasting   | 3 4 |  4.8
Dodging        | |  1.5
Stealth        | |  2.1
Transmutations | |  0.7

Action                   |  1- 3 |  4- 6 || total
-------------------------+-------+-------++-------
Melee: Short sword       |    56 |    79 ||   135
 Cast: Sandblast         |    55 |    71 ||   126
  Use: Potion            |     3 |     3 ||     6
       Scroll            |     1 |     8 ||     9
 Stab: Sleeping          |     2 |       ||     2
  Eat: Chunk             |     2 |     5 ||     7
Armor: Robe              |    41 |    59 ||   100
Dodge: Dodged            |    59 |   100 ||   159
